 Dungeon Crawl Stone Soup version 0.28.0-53-g5a82cb258f (webtiles) character file.

Game seed: 12698785225930908118

6682 safid the Severer (level 11, 0/94 HPs)
             Began as a Hill Orc Fighter on Aug 2, 2022.
             Was a Believer of Uskayaw.
             Slain by a gnoll
             ... wielding a +0 spear
              (1 damage)
             ... on level 9 of the Dungeon.
             The game lasted 00:16:16 (11297 turns).

safid the Severer (Hill Orc Fighter)               Turns: 11297, Time: 00:16:17

Health: 0/94       AC:  0    Str: 24    XL:     11   Next: 3%
Magic:  0/11       EV:  9    Int:  8    God:    Uskayaw [**....]
Gold:   454        SH:  0    Dex: 15    Spells: 10/10 levels left

rFire   . . .      SeeInvis .   (weapon currently unavailable)
rCold   . . .      Faith    .   (shield currently unavailable)
rNeg    . . .      Spirit   +   (armour currently unavailable)
rPois   .          Reflect  .   (helmet currently unavailable)
rElec   .          Harm     .   (cloak currently unavailable)
rCorr   .          Rampage  .   (gloves currently unavailable)
Will    .....                   (boots currently unavailable)
Stlth   +.........              s - amulet of guardian spirit
HPRegen 0.25/turn               (ring currently unavailable)
MPRegen 0.12/turn               (ring currently unavailable)

@: bat-form, flying, held, slowed, studying Spellcasting, quick
A: fast, flying, no casting, tiny
a: Renounce Religion, Stomp, Line Pass


You were on level 9 of the Dungeon.
You worshipped Uskayaw.
Uskayaw was noncommittal.
You were a bat.
You visited 1 branch of the dungeon, and saw 9 of its levels.
You also visited: Ossuary.

You collected 454 gold pieces.

Inventory:

Hand Weapons
 a - a +0 war axe (melded)
 H - a +2 executioner's axe of draining
Missiles
 i - 3 poisoned darts
 m - a throwing net
 B - 4 boomerangs (quivered)
Armour
 t - a +0 plate armour (melded)
 z - the +2 helmet "Qoli" (melded) {rF+ rC+ Str+5}
   (You took it off Robin on level 4 of the Dungeon)

   Str:       It affects your strength (+5).
   rF:        It protects you from fire.
   rC:        It protects you from cold.
 E - a +0 kite shield (melded)
Jewellery
 s - an amulet of guardian spirit (around neck)
 y - a ring of protection from fire (melded)
 A - a ring of see invisible (melded)
Wands
 p - a wand of acid (2)
 x - a wand of flame (26)
 I - a wand of polymorph (6)
Scrolls
 c - 2 scrolls of silence
 e - 3 scrolls of teleportation
 g - a scroll of magic mapping
 n - 3 scrolls of blinking
 o - a scroll of holy word {unknown}
 r - a scroll of enchant weapon {unknown}
 u - a scroll of enchant armour {unknown}
 D - a scroll of fear {unknown}
 F - a scroll of amnesia
Potions
 b - a potion of brilliance {unknown}
 d - a potion of invisibility {unknown}
 f - 3 potions of haste
 h - 2 potions of cancellation {unknown}
 j - 2 potions of attraction {unknown}
 k - 2 potions of heal wounds
 l - 3 potions of magic
 q - 9 potions of curing
 v - a potion of lignification {unknown}
 w - 4 potions of mutation
 C - 4 potions of flight
 G - a potion of resistance {unknown}


   Skills:
 + Level 8.1 Fighting
 - Level 16.0 Axes
 + Level 7.6 Armour
 + Level 7.9 Shields


You had 10 spell levels left.
You didn't know any spells.
Your spell library contained the following spells:

 Spells                   Type           Power      Damage    Failure   Level
 Corpse Rot               Necr/Air       0%         N/A       54%         2
 Poisonous Vapours        Pois/Air       0%         N/A       54%         2
 Gell's Gravitas          Tloc           0%         N/A       78%         3
 Lesser Beckoning         Tloc           0%         N/A       78%         3
 Teleport Other           Tloc           0%         N/A       78%         3


Dungeon Overview and Level Annotations

Branches:
Dungeon (9/15)             Temple (0/1) D:6         Ossuary (visited)
   Lair: D:8-11         Orc: D:9-12

Altars:
Hepliaklqana
Okawaru
Uskayaw

Annotations:
D:9 Maurice


Message History

The wraith hits you but does no damage.
Maurice zaps a wand.
You turn into a bat.
Your +0 war axe melds into your body.
The +2 helmet "Qoli" {rF+ rC+ Str+5} melds into your body.
Your +0 kite shield melds into your body.
Your +0 plate armour melds into your body.
Your ring of see invisible melds into your body.
Your ring of protection from fire melds into your body.
The gnoll sergeant hits you from afar with a +4 vorpal spear!
Uskayaw will force your foes to helplessly watch your dance.
Uskayaw prepares the audience for your solo!
The helpless wraith fails to defend itself.
You hit the wraith.
You destroy the wraith!
Unknown command.
The gnoll sergeant is no longer paralysed.
The gnoll is no longer paralysed. x3
The gnoll hits you from afar with a +0 spear.
The gnoll closely misses you. Something hits you!
Something steals 5 of your 7 potions of heal wounds!
Deactivating autopickup; reactivate with Ctrl-A.
The gnoll sergeant barely misses you.
You see here a +0 whip.
The gnoll throws a throwing net.
The throwing net hits you.
You become entangled in the net!
The gnoll hits you from afar with a +0 spear!
* * * LOW HITPOINT WARNING * * *
The gnoll closely misses you.
The gnoll sergeant hits you from afar with a +4 vorpal spear.
* * * LOW HITPOINT WARNING * * *
x2 You see here a throwing net.
Unknown command.
Unknown command.
Okay, then.
You stomp with the beat, sending a shockwave through the revellers around you!
The gnoll hits you from afar with a +3 halberd!
* * * LOW HITPOINT WARNING * * *
The gnoll hits you from afar with a +0 spear!
* * * LOW HITPOINT WARNING * * *
The gnoll hits you from afar with a +0 spear.
You die...

######## #......#
##......# ......<#
#......# #......#
#gggg..# #.){.?.#
#.b....# ##.##### #.# #.#
#.# #.# ######## #.#
......>#########.#
.......+.......#.########


You could see a gnoll sergeant and 3 gnolls.

Vanquished Creatures
  A two-headed ogre (D:9)
  An ugly thing (D:8)
  A komodo dragon (D:7)
  A troll (D:5)
  Sigmund (D:4)
  A shadow (D:9)
  A wyvern (D:8)
  A wraith (D:9)
  A vampire mosquito (D:7)
  A water moccasin (D:7)
  5 orc warriors
  A black bear (D:5)
  4 necrophages
  5 ogres
  8 centaurs
  A kobold brigand (D:7)
  3 bullfrogs
  2 scorpions (D:5)
  7 killer bees
  10 wights
  2 howler monkeys
  3 centaur zombies
  4 orc priests
  2 hounds
  A jelly (D:8)
  3 human zombies (Ossuary)
  3 gnoll shamans
  4 iguanas
  A centaur skeleton (D:7)
  4 orc wizards
  A scorpion zombie (D:5)
  Natasha (thrice) (D:4)
  3 mummies (Ossuary)
  A hound skeleton (D:5)
  A howler monkey zombie (D:7)
  Robin (D:4)
  22 gnolls
  6 adders
  2 shadow imps
  2 white imps
  An ufetubus (D:7)
  An adder skeleton (D:4)
  A worm (D:4)
  A dart slug (D:4)
  24 orcs
  10 ball pythons
  3 endoplasms
  2 giant cockroaches
  A gnoll zombie (Ossuary)
  15 goblins
  9 hobgoblins
  2 jackals (D:2)
  2 quokkas
  4 bats
  4 frilled lizards
  A goblin zombie (Ossuary)
  9 kobolds
  2 kobold zombies (Ossuary)
  2 quokka zombies (D:4)
  15 rats
234 creatures vanquished.

Notes
Turn   | Place    | Note
-------+----------+-------------------------------------------
     0 | D:1      | safid the Hill Orc Fighter began the quest for the Orb.
     0 | D:1      | Reached XP level 1. HP: 19/19 MP: 1/1
   271 | D:1      | Reached XP level 2. HP: 27/27 MP: 2/2
   284 | D:1      | Reached skill level 3 in Axes
   675 | D:1      | Found a faded altar of an unknown god.
   684 | D:1      | Prayed at the altar of an unknown god.
   684 | D:1      | Became a worshipper of Uskayaw the Reveller
   684 | D:1      | Reached * piety under Uskayaw
   998 | D:1      | Reached ** piety under Uskayaw
  1014 | D:1      | Reached XP level 3. HP: 33/33 MP: 3/3
  1466 | D:2      | Reached XP level 4. HP: 36/40 MP: 4/4
  1523 | D:2      | Reached skill level 4 in Axes
  1525 | D:2      | Reached *** piety under Uskayaw
  1527 | D:2      | Reached **** piety under Uskayaw
  2261 | D:3      | Reached skill level 5 in Axes
  2551 | D:4      | Reached XP level 5. HP: 44/46 MP: 5/5
  2577 | D:4      | Identified the +2 helmet "Qoli" {rF+ rC+ Str+5}
  2577 | D:4      | Noticed Robin
  2599 | D:4      | Killed Robin
  2612 | D:4      | Found a sand-covered staircase.
  2624 | Ossuary  | Entered an ossuary
  2703 | Ossuary  | Reached skill level 6 in Axes
  2834 | Ossuary  | Reached XP level 6. HP: 50/52 MP: 6/6
  2870 | Ossuary  | Reached skill level 7 in Axes
  3234 | D:4      | Noticed Natasha
  3236 | D:4      | Noticed Sigmund
  3242 | D:4      | Killed Natasha
  3253 | D:4      | Killed Sigmund
  3254 | D:4      | Reached skill level 9 in Axes
  3254 | D:4      | Reached XP level 7. HP: 49/59 MP: 7/7
  3316 | D:4      | Noticed Natasha
  3328 | D:4      | Killed Natasha
  3625 | D:4      | Noticed Natasha
  3630 | D:4      | Killed Natasha
  3823 | D:5      | Entered Level 5 of the Dungeon
  3838 | D:5      | Reached skill level 10 in Axes
  3860 | D:5      | Reached skill level 11 in Axes
  3860 | D:5      | Reached XP level 8. HP: 57/66 MP: 8/8
  4245 | D:5      | Reached skill level 12 in Axes
  5028 | D:5      | Reached skill level 13 in Axes
  5083 | D:5      | Noticed a troll
  5093 | D:5      | Killed a troll
  5094 | D:5      | Reached XP level 9. HP: 50/71 MP: 9/9
  5099 | D:5      | Reached skill level 14 in Axes
  5426 | D:6      | Reached ***** piety under Uskayaw
  5926 | D:6      | Reached skill level 15 in Axes
  6185 | D:6      | Identified the +5 ring mail "Jesied" {-Cast rC- rCorr
                  | Str+8}
  6840 | D:6      | Found a staircase to the Ecumenical Temple.
  6865 | D:6      | Found an iron altar of Okawaru.
  7310 | D:7      | Reached skill level 16 in Axes
  7451 | D:7      | Reached skill level 5 in Shields
  7531 | D:7      | Reached skill level 5 in Fighting
  7531 | D:7      | Reached XP level 10. HP: 56/81 MP: 10/10
  7542 | D:7      | Reached skill level 5 in Armour
  7546 | D:7      | Reached ****** piety under Uskayaw
  7989 | D:7      | Identified the +8 dagger of Patterns {venom, Dex+6}
  8104 | D:7      | Found a hazy altar of Hepliaklqana.
  8450 | D:8      | Noticed a boulder beetle
  9052 | D:8      | Noticed a brown ugly thing
  9065 | D:8      | Killed a brown ugly thing
  9273 | D:8      | Noticed a boulder beetle
 10386 | D:9      | Noticed a two-headed ogre
 10391 | D:9      | Killed a two-headed ogre
 11021 | D:9      | Reached XP level 11. HP: 59/94 MP: 9/11
 11283 | D:9      | Noticed Maurice
 11297 | D:9      | HP: 1/94 [gnoll/+0 spear (10)]
 11297 | D:9      | Slain by a gnoll

Illustrated notes

Levels and vault maps discovered:
D:1:      minmay_arrival_stair_chambers, layout_loops_corners,
          dreamdust_ecumenical_altar_statues, serial_aquarium,
          aquarium_bridge_straight [aquarium_subvault_bridge,
          aquarium_subvault_window, aquarium_subvault_bridge,
          aquarium_subvault_wall], aquarium_window_corner, aquarium_window_1,
          aquarium_window_2, aquarium_view_2c, aquarium_view_2d,
          aquarium_balcony_3a, minmay_rat_gold_closets
D:2:      layout_basic, st_stairs_5
D:3:      layout_rooms
D:4:      layout_cave_pools, enter_ossuary_4, uniq_natasha, uniq_robin,
          uniq_sigmund
D:5:      layout_loops_ring, minmay_manual_mullet
D:6:      layout_basic, okawaru_ov_weapons_minmay, temple_pool_b
D:7:      layout_basic, marbit_many_paths, minmay_joined_circles
D:8:      nzn_winding_woodlands_medium [nzn_winding_woodlands_5x5_perimeter,
          nzn_winding_woodlands_5x15_pockets,
          nzn_winding_woodlands_5x5_open_star, nzn_winding_woodlands_5x5_three,
          nzn_winding_woodlands_center_triple_pond,
          nzn_winding_woodlands_hourglass, nzn_winding_woodlands_5x5_default,
          nzn_winding_woodlands_5x15_sidewinder,
          nzn_winding_woodlands_5x5_checkerboard], layout_loops_ring,
          lightli_orcish_oven
D:9:      layout_roguey, nicolae_fountain_basement, uniq_maurice

Skill      XL: |  1  2  3  4  5  6  7  8  9 10 |
---------------+-------------------------------+-----
Axes           | 3 5 6 9 11 13 16 | 16.0
Fighting       | 4 5 8 |  8.1
Armour         | 4 7 |  7.6
Shields        | 4 5 7 |  7.9

Action                   |  1- 3 |  4- 6 |  7- 9 | 10-12 || total
-------------------------+-------+-------+-------+-------++-------
Melee: War axe           |   123 |   158 |   223 |   245 ||   749
       Unarmed           |       |       |       |     1 ||     1
Throw: Boomerang         |       |       |     1 |     2 ||     3
Invok: Stomp             |       |       |     1 |     1 ||     2
  Use: Potion            |       |     1 |       |     2 ||     3
       Scroll            |       |       |    10 |     2 ||    12
 Stab: Paralysed         |       |     7 |    16 |    11 ||    34
Armor: Scale mail        |    56 |    24 |       |       ||    80
       Plate armour      |       |    59 |    99 |   145 ||   303
Dodge: Dodged            |    48 |    47 |    55 |    70 ||   220
Block: Buckler           |    25 |    37 |     7 |       ||    69
       Kite shield       |       |       |    53 |   126 ||   179
